 Dungeon Crawl Stone Soup version 0.30.1-4-g462c640d31 (webtiles) character file.

Game seed: 1393460098435122742

101 leafyfresh the Changer (level 4, -1/32 HPs)
             Began as a Merfolk Transmuter on Aug 13, 2023.
             Slain by Natasha (2 damage)
             ... on level 2 of the Dungeon.
             The game lasted 00:02:41 (1934 turns).

leafyfresh the Changer (Merfolk Transmuter)         Turns: 1934, Time: 00:02:42

Health: -1/32      AC:  3    Str: 10    XL:     4   Next: 75%
Magic:  1/7        EV: 13    Int: 12    God:
Gold:   157        SH:  0    Dex: 16    Spells: 3/7 levels left

rFire   . . .        c - +0 dagger
rCold   . . .        (no shield)
rNeg    . . .        a - +0 robe
rPois   .            l - +0 helmet
rElec   .            (no cloak)
rCorr   +            (no gloves)
SInv    .            (no boots)
Will    .....        f - amulet of the acrobat
Stlth   +            g - ring of resist corrosion
HPRegen 0.25/turn    (no ring)
MPRegen 0.10/turn

%: acrobat
@: no status effects
A: (nimble swimmer 2), mertail
a: no special abilities


You were on level 2 of the Dungeon.
You visited 1 branch of the dungeon, and saw 2 of its levels.

You collected 157 gold pieces.

Inventory:

Hand Weapons
 c - a +0 dagger (weapon)
Armour
 a - a +0 robe (worn)
 l - a +0 helmet (worn)
Jewellery
 f - an amulet of the acrobat (around neck)
 g - a ring of resist corrosion (left hand)
 n - an amulet of faith
Scrolls
 d - a scroll of enchant armour {unknown}
 e - a scroll of teleportation {unknown}
 j - a scroll of identify {unknown}
 p - a scroll of immolation {unknown}
Potions
 b - a potion of lignification
 h - a potion of berserk rage {unknown}
 i - a potion of brilliance {unknown}
 k - a potion of might {unknown}
 m - a potion of flight {unknown}
 o - 2 potions of curing


   Skills:
 - Level 1.1 Fighting
 - Level 2.6 Dodging
 - Level 3.2 Unarmed Combat
 - Level 2.0 Spellcasting
 + Level 6.4 Transmutations


You had 3 spell levels left.
You knew the following spells:

 Your Spells              Type           Power      Damage    Failure   Level
a - Beastly Appendage     Tmut           32%        N/A       1%          1
b - Spider Form           Tmut/Pois      8%         N/A       22%         3

Your spell library contained the following spells:

 Spells                   Type           Power      Damage    Failure   Level
 Wereblood                Tmut           16%        N/A       3%          2
 Ensorcelled Hibernation  Hex/Ice        2%         N/A       38%         2
 Ice Form                 Ice/Tmut       8%         N/A       58%         4
 Anguish                  Hex/Necr       0%         N/A       95%         4


Dungeon Overview and Level Annotations

Branches:
Dungeon (2/15)

Altars:

Annotations:
D:2 Natasha


Innate Abilities, Weirdness & Mutations

((You are very nimble when in or above water. (Stealth+, EV+, Speed+++)))
Your lower body shifts to a powerful aquatic tail in water.


Message History

Confirm with . or Enter, or press ? or * to list all spells.
The spell is quite dangerous to miscast (22% risk of failure)!
Continue anyway?
You turn into a venomous arachnid creature.
Your +0 dagger melds into your body.
Your +0 helmet melds into your body.
Your +0 robe melds into your body.
Unknown command.
Natasha zaps a wand.
The bolt of dispelling energy hits you!
Your magical effects are unravelling.
Your transformation has ended.
Your +0 dagger unmelds from your body.
Your +0 helmet unmelds from your body.
Your +0 robe unmelds from your body.
Natasha completely misses you.
You hit Natasha.
Natasha is moderately wounded.
Natasha closely misses you.
You hit Natasha.
Natasha is moderately wounded.
Natasha claws you.
You are too injured to fight recklessly!
You are too injured to fight recklessly!
You are too injured to fight recklessly!
Casting: Spider Form (quite dangerous; 22% risk of failure)
Confirm with . or Enter, or press ? or * to list all spells.
The spell is quite dangerous to miscast (22% risk of failure)!
Continue anyway?
You turn into a venomous arachnid creature.
Your +0 dagger melds into your body.
Your +0 helmet melds into your body.
Your +0 robe melds into your body.
Natasha completely misses you.
Unknown command.
You hit Natasha.
Natasha is poisoned.
Natasha is moderately wounded.
You hit Natasha.
Natasha is severely wounded.
Natasha zaps a wand.
The bolt of dispelling energy hits you!
Your magical effects are unravelling.
* * * LOW HITPOINT WARNING * * *
You barely miss Natasha.
Natasha is severely wounded.
Your transformation has ended.
Your +0 dagger unmelds from your body.
Your +0 helmet unmelds from your body.
Your +0 robe unmelds from your body.
Natasha claws you.
You die...

##### ##...## #####
##.....# ######...#######
)...).<# #....(.........#
.#.....# #.####...#####.#
.#....#####.#.........##.#
.#..#.......#...@.....##.#
.##)..#######...h.....##.#
####.###########...#.###.#
# #.......# #...#.# #.#
##########.#
#...#.###.####### .....#
#(# ##.##...........#
.###.# #.#
#.######.#####.# ## #.#
#.# #.# #.# #.# ## #.# #.#
#.# #.# #.#


You could see Natasha (very poisoned).

Vanquished Creatures
  Natasha (D:2)
  3 gnolls
  An adder (D:2)
  2 worms
  3 dart slugs (D:2)
  5 endoplasms
  3 giant cockroaches
  A goblin (D:2)
  A hobgoblin (D:2)
  A ball python (D:2)
  A frilled lizard (D:1)
  4 kobolds
  3 rats
29 creatures vanquished.

Notes
Turn   | Place    | Note
-------+----------+-------------------------------------------
     0 | D:1      | leafyfresh the Merfolk Transmuter began the quest for the
                  | Orb.
     0 | D:1      | Reached XP level 1. HP: 15/15 MP: 3/3
    99 | D:1      | Reached skill level 3 in Transmutations
   607 | D:1      | Reached XP level 2. HP: 13/21 MP: 3/5
   862 | D:2      | Reached skill level 4 in Transmutations
  1282 | D:1      | Reached XP level 3. HP: 5/26 MP: 4/6
  1286 | D:1      | Learned a level 3 spell: Spider Form
  1379 | D:1      | Reached skill level 5 in Transmutations
  1424 | D:2      | Reached XP level 4. HP: 26/32 MP: 4/7
  1747 | D:2      | Noticed Natasha
  1754 | D:2      | Killed Natasha
  1755 | D:2      | Reached skill level 6 in Transmutations
  1924 | D:2      | Noticed Natasha
  1933 | D:2      | HP: 1/32 [Natasha/bolt of dispelling energy (15)]
  1934 | D:2      | Slain by Natasha

Illustrated notes

Levels and vault maps discovered:
D:1:      tarquinn_simple_flora_water_f, layout_rooms, minmay_fountain_box,
          nicolae_titane
D:2:      layout_loops_ring, uniq_natasha

Skill      XL: |  1  2  3  4 |
---------------+-------------+-----
Transmutations | 3 4 5 6 |  6.4
Fighting       | |  1.1
Dodging        | |  2.6
Unarmed Combat | |  3.2
Spellcasting   | |  2.0

Action                     |  1- 3 |  4- 6 || total
---------------------------+-------+-------++-------
  Melee: Dagger            |    94 |    38 ||   132
         Punch             |     3 |       ||     3
         Headbutt          |     9 |     1 ||    10
         Unarmed           |     5 |     6 ||    11
   Cast: Beastly Appendage |     7 |     1 ||     8
         Spider Form       |     1 |     3 ||     4
   Stab: Distracted        |       |     1 ||     1
         Sleeping          |       |     1 ||     1
 Armour: Robe              |     9 |     6 ||    15
  Dodge: Dodged            |    68 |    33 ||   101
